AoeStats
← | ArCas | Toruk Makto

Arena

509007040Analyzed
4v4 RM · 6d ago on Sep 25, 2026· 46m 16s· 8 players
Game mode
Random Map
Map size
Large (8 player)
Population
200
Speed
Normal
Resources
Standard
Victory
Conquest
Starting age
Dark Age
Ending age
Imperial Age
RankedLock teamsTeams togetherTeam positionsShared explorationLock speedFull tech treeHidden civsTurbo modeCheats
Victory
Defeat
🇨🇳 Spanish · China
1344
+14
🇨🇱 Celts · Chile
1338
+14
🇨🇳 Burgundians · China
1336
+14
🇯🇵 Mongols · Japan
1283
+16
🇩🇴 Burgundians · Dominican Republic
1324
-15
🇦🇷 Malay · Argentina
1300
-15
🇨🇴 Chinese · Colombia
1277
-14
🇲🇽 Romans · Mexico
1275
-14
KOF Itachi
10:41 Feudal Age
14:38 Castle Age
12:42 Double-Bit Axe
14:06 Horse Collar
17:32 Bow Saw
19:50 Gold Mining
21:07 Fervor
21:36 Heavy Plow
22:42 Wheelbarrow
24:06 Hand Cart
25:06 Fletching
26:14 Devotion
26:15 Stone Mining
27:03 Gold Shaft Mining
26:49 Bodkin Arrow
26:43 Pikeman
27:23 Squires
27:51 Scale Mail Armor
28:02 Forging
31:09 Imperial Age
28:25 Loom
28:29 Town Watch
29:18 Chain Mail Armor
29:04 Padded Archer Armor
29:27 Ballistics
29:03 Murder Holes
29:18 Masonry
30:16 Ballistas
30:51 Man-at-Arms
32:16 Comitatenses
32:17 Conscription
31:20 Halberdier
31:46 Long Swordsman
32:33 Town Patrol
32:44 Legionary
34:56 Chemistry
34:02 Siege Engineers
35:07 Iron Casting
34:48 Leather Archer Armor
34:53 Scale Barding Armor
37:29 Blast Furnace
36:33 Husbandry
36:45 Bloodlines
35:56 Light Cavalry
37:22 Ring Archer Armor
37:54 Crop Rotation
39:12 Chain Barding Armor
42:08 Heavy Scorpion
Sebasky
0:27 Loom
9:03 Feudal Age
9:35 Double-Bit Axe
17:05 Fletching
23:49 Wheelbarrow
24:21 Town Watch
24:44 Stone Mining
24:35 Horse Collar
25:06 Gold Mining
27:33 Castle Age
28:34 Bow Saw
28:28 Bodkin Arrow
30:34 Great Wall
32:22 Guard Tower
32:43 Masonry
33:41 Fortified Wall
36:10 Masonry
38:39 Imperial Age
37:23 Hand Cart
38:16 Scale Mail Armor
38:27 Forging
39:55 Elite Fire Lancer
40:51 Chain Mail Armor
41:14 Conscription
42:02 Two-Man Saw
41:57 Squires
41:42 Arson
42:28 Plate Mail Armor
42:33 Iron Casting
41:30 Capped Ram
43:05 Gold Shaft Mining
43:06 Stone Shaft Mining
42:59 Siege Ram
RD | AlvaroMartp
5:41 Double-Bit Axe
11:23 Feudal Age
15:03 Castle Age
14:17 Bow Saw
14:31 Horse Collar
21:36 Wheelbarrow
23:53 Two-Man Saw
23:04 Loom
24:09 Hand Cart
25:20 Gold Mining
27:49 Two-Man Saw
30:49 Imperial Age
28:44 Husbandry
28:05 Cavalier
28:52 Scale Barding Armor
28:57 Forging
29:33 Gold Shaft Mining
30:08 Chain Barding Armor
31:06 Iron Casting
31:03 Paladin
33:16 Plate Barding Armor
34:15 Blast Furnace
35:01 Chemistry
38:12 Conscription
39:05 Burgundian Vineyards
38:23 Light Cavalry
39:10 Hussar
42:12 Heavy Plow
42:25 Fletching
| ArCas | Toruk Makto
11:56 Feudal Age
15:44 Castle Age
13:36 Double-Bit Axe
15:02 Wheelbarrow
14:47 Loom
15:39 Horse Collar
21:05 Forging
31:16 Wheelbarrow
32:54 Town Watch
37:49 Wheelbarrow
44:16 Elite Skirmisher
Acrostock
8:25 Loom
10:11 Feudal Age
23:44 Wheelbarrow
22:57 Double-Bit Axe
22:59 Horse Collar
30:13 Castle Age
34:01 Castle Age
35:47 Bow Saw
40:15 Gold Mining
44:08 Heavy Plow
Lan
10:51 Feudal Age
11:43 Double-Bit Axe
14:55 Castle Age
12:58 Horse Collar
15:54 Bow Saw
18:21 Heavy Plow
21:07 Wheelbarrow
23:50 Gold Mining
25:07 Stone Mining
29:10 Imperial Age
26:32 Fletching
27:18 Ballistics
27:35 Bodkin Arrow
28:28 Gold Shaft Mining
28:35 Thumb Ring
28:32 Husbandry
28:43 Bloodlines
29:52 Bracer
30:54 Chemistry
30:20 Conscription
30:43 Elite Mangudai
32:35 Parthian Tactics
31:32 Light Cavalry
33:01 Stone Shaft Mining
33:28 Scale Barding Armor
33:34 Forging
33:24 Padded Archer Armor
33:42 Hand Cart
36:18 Leather Archer Armor
41:11 Chain Barding Armor
41:27 Iron Casting
41:40 Hussar
43:11 Town Watch
43:12 Loom
44:25 Hussar
XHK
6:04 Double-Bit Axe
10:03 Feudal Age
14:24 Castle Age
12:30 Horse Collar
14:24 Bow Saw
19:11 Cavalier
20:31 Gold Mining
20:52 Scale Barding Armor
22:32 Gold Shaft Mining
22:44 Chain Barding Armor
23:42 Heavy Plow
24:34 Wheelbarrow
24:13 Forging
26:50 Iron Casting
29:39 Hand Cart
30:11 Husbandry
31:00 Loom
31:01 Town Watch
34:36 Imperial Age
33:46 Scale Mail Armor
33:49 Squires
33:34 Arson
34:42 Chain Mail Armor
36:19 Blast Furnace
35:59 Conscription
35:48 Burgundian Vineyards
37:25 Plate Mail Armor
36:48 Fletching
38:03 Two-Man Saw
39:25 Crop Rotation
40:21 Light Cavalry
41:01 Paladin
44:17 Ballistics
44:57 Chemistry
43:38 Treadmill Crane
44:08 Masonry
45:35 Plate Barding Armor
菜菜
10:49 Feudal Age
14:42 Castle Age
12:57 Double-Bit Axe
13:07 Horse Collar
14:20 Loom
15:44 Bow Saw
16:23 Gold Mining
18:28 Loom
21:56 Padded Archer Armor
28:43 Wheelbarrow
28:47 Heavy Plow
35:10 Imperial Age
33:46 Hand Cart
34:55 Leather Archer Armor
36:03 Ballistics
36:01 Bloodlines
36:03 Stone Mining
36:56 Conscription
37:13 Ring Archer Armor
38:03 Husbandry
38:57 Fletching
39:53 Masonry
39:28 Elite Conquistador
41:16 Bodkin Arrow
41:37 Capped Ram
43:40 Chemistry
43:01 Light Cavalry
43:55 Forging
43:52 Scale Barding Armor
43:24 Siege Ram
45:40 Two-Man Saw
46:26 Stone Shaft Mining
46:07 Bracer
46:28 Chain Barding Armor
46:44 Iron Casting
Connection lost

Rejoining the realm…

Still unreachable

The connection could not be restored.

Session expired

The server has moved on; the page needs a fresh start.